Unix NetHack Version 3.7.0-97 Work-in-progress - last build Feb 9 2024 02:06:40 (6d6cdf8371b60126770a3d7b88910941cb14a054,branch:master). Game began 2024-02-25 12:32:51, ended 2024-02-25 12:39:02. Cloudmillion, lawful female human Valkyrie -------- |......| |..(....### --- |......| # h.. -|-+-|-- # b..| ## # |...| # ##r@r... # ----- ## # # ## # # ----.----------- |...........<..| |..............| |.....`........| ---------------- Cloudmillion the Skirmisher St:18/04 Dx:13 Co:18 In:5 Wi:8 Ch:7 Lawful Dlvl:5 $:83 HP:0(31) Pw:8(8) AC:2 Xp:3 T:1331 Latest messages: You see here an empty broken chest. You find a hidden door. The kitten bites! What do you want to throw? [$ or ?*] l In what direction? 6 The kitten devours an uncursed tripe ration. The kitten misses the floating eye. You swap places with your kitten. You begin bashing monsters with your bare hands. You hit the giant rat. The giant rat misses! What do you want to wield? [- or ?*] a You don't have that object. What do you want to wield? [- or ?*] Never mind. You kill the giant rat! Welcome to experience level 3. You feel stealthy! You see here a giant rat corpse. The kitten eats a giant rat corpse. You kill the large kobold! You see here a banana. s - a banana. You swap places with your kitten. You hear the footsteps of a guard on patrol. You swap places with your kitten. The kitten misses the floating eye. The kitten is frozen by the floating eye's gaze! The wererat changes into a human. The wererat wields a spear! Someone shouts "Off with her head!" You hit the wererat! The wererat thrusts his spear. The wererat hits! You miss the wererat. The wererat thrusts his spear. The wererat hits! You hit the wererat! The rabid rat bites! The wererat changes into a rat. The wererat drops a spear. The wererat bites! You hit the wererat. The rabid rat bites! You die... Do you want your possessions identified? [ynq] (y) y Do you want to see your attributes? [ynq] (y) y Do you want an account of creatures vanquished? [ynaq] (y) y Do you want to see your conduct and achievements? [ynq] (y) y Do you want to see the dungeon overview? [ynq] (y) y Inventory: Coins $ - 83 gold pieces Armor j - an uncursed +0 orcish helm (being worn) c - an uncursed +3 small shield (being worn) h - an uncursed +0 ring mail (being worn) Comestibles s - an uncursed banana n - an uncursed cram ration d - 3 uncursed food rations e - an uncursed pancake l - an uncursed tripe ration Scrolls r - an uncursed scroll of blank paper g - an uncursed scroll of enchant weapon q - an uncursed scroll of scare monster m - a blessed scroll of teleportation Potions o - an uncursed potion of extra healing f - 2 blessed potions of healing i - an uncursed potion of levitation Rings p - an uncursed ring of shock resistance Wands k - a wand of light (0:10) Cloudmillion the Valkyrie's attributes: Background: You were a Skirmisher, a level 3 human Valkyrie. You were lawful, on a mission for Tyr who was opposed by Odin (neutral) and Loki (chaotic). You were right-handed. You were in the Dungeons of Doom, on level 5. You entered the dungeon 1331 turns ago. There was a full moon in effect when your adventure ended. You had 48 experience points, 32 more were needed to attain level 4. Basics: You had 0 out of 31 hit points. You had all 8 energy points (spell power). Your armor class was 2. Your wallet contained 83 zorkmids. Autopickup was off. Final Characteristics: Your strength was 18/04 (limit:18/100). Your dexterity was 13 (limit:18). Your constitution was 18 (limit:18). Your intelligence was 5 (limit:18). Your wisdom was 8 (limit:18). Your charisma was 7 (limit:18). Final Status: You weren't hungry. You were unencumbered. You were bare handed. You were unskilled in bare handed combat. Final Attributes: You were devoutly aligned. You were cold resistant. You were stealthy. You were warded. You were lucky. You are dead. Miscellaneous: You never encountered a bones level. Total elapsed playing time was 6 minutes and 10 seconds. Major events: Turn 1: Cloudmillion the lawful human Valkyrie entered the dungeon 575: entered the Gnomish Mines 1294: attained the rank of Skirmisher (level 3) 1331: killed by a rabid rat Vanquished creatures: a little dog a large kobold a giant rat a red mold a gecko 5 jackals a goblin a sewer rat 9 grid bugs 2 lichens a newt 24 creatures vanquished. No species were genocided or became extinct. Voluntary challenges: You followed a strict vegan diet. You read items or engraved 1 time. You never engraved Elbereth. You never genocided any monsters. You never polymorphed an object. You never changed form. You used no wishes. Achievements: You entered a shop. You entered the Gnomish Mines. You attained the rank of Skirmisher. The Dungeons of Doom: levels 1 to 5 Level 1: Level 2: A fountain. Level 3: Some fountains, a grave. Stairs down to The Gnomish Mines. Level 4: An altar to Tyr, some fountains. Level 5: <- You were here. Final resting place for you, killed by a rabid rat. The Gnomish Mines: Level 4: Game over: ---------- / \ / REST \ / IN \ / PEACE \ / \ | Cloudmillion | | 83 Au | | killed by a | | rabid rat | | | | | | 2024 | *| * * * | * _________)/\\_//(\/(/\)/\//\/|_)_______ Farvel Cloudmillion the Valkyrie... You died in The Dungeons of Doom on dungeon level 5 with 477 points, and 83 pieces of gold, after 1331 moves. You were level 3 with a maximum of 31 hit points when you died.